 Dungeon Crawl Stone Soup version 0.18-b1-16-g289874d (webtiles) character file.

287 Alarkh the Poker (level 6, 0/44 HPs)
             Began as a Mummy Skald on May 1, 2016.
             Was an Initiate of Gozag.
             Killed from afar by an orc wizard (3 damage)
             ... with a magic dart
             ... on level 4 of the Dungeon.
             The game lasted 01:00:28 (3087 turns).

Alarkh the Poker (Mummy Skald)                      Turns: 3087, Time: 01:00:29

Health: 0/44       AC:  3    Str: 15    XL:     6   Next: 8%
Magic:  9/11       EV: 11    Int: 13    God:    Gozag
Gold:   485        SH:  0    Dex: 12    Spells: 4 memorised, 4 levels left

rFire  x . .     SeeInvis .     a - +0 spear
rCold  + . .     Gourm    .     b - +0 leather armour
rNeg   + + +     Faith    .     (no shield)
rPois  ∞         Spirit   .     (no helmet)
rElec  .         Dismiss  .     (no cloak)
rCorr  .         Reflect  .     (no gloves)
SustAt .         Harm     .     (no boots)
MR     .....                    (no amulet)
Stlth  +.........               (no ring)
                                (no ring)

@: very slightly contaminated, not resistant to hostile enchantments, very
unstealthy
A: no food or potions, fire vulnerability, cold resistance 1, negative energy
resistance 3, torment resistance, unbreathing
a: Potion Petition, Call Merchant, Bribe Branch, Renounce Religion


You were on level 4 of the Dungeon.
You worshipped Gozag.
Gozag was noncommittal.
You were not hungry.

You visited 1 branch of the dungeon, and saw 5 of its levels.

You collected 507 gold pieces.
You paid 22 gold pieces to Gozag.

Inventory:

Hand Weapons
 a - a +0 spear (weapon)
Missiles
 l - a throwing net (quivered)
Armour
 b - a +0 leather armour (worn)
Jewellery
 m - an uncursed ring of protection from magic {unknown}
Scrolls
 e - a scroll of amnesia
 f - a scroll of teleportation {unknown}
 g - a scroll of random uselessness {unknown}
 i - 3 scrolls of identify {unknown}
 j - a scroll of noise {unknown}
 k - a scroll of enchant weapon {unknown}
Books
 c - a book of Battle

   Spells                             Type                      Level
   a - Infusion                       Charms                       1
   b - Shroud of Golubria             Charms/Translocation         2
   c - Song of Slaying                Charms                       2
   d - Spectral Weapon                Hexes/Charms                 3
   e - Regeneration                   Charms/Necromancy            3
 h - a book of Burglary

   Spells                             Type                      Level
   a - Swiftness                      Charms/Air                   2
   b - Passwall                       Transmutation/Earth          2
   c - Passage of Golubria            Translocation                4
   d - Lee's Rapid Deconstruction     Earth                        5
   e - Darkness                       Hexes                        6
   f - Invisibility                   Hexes                        6


   Skills:
 - Level 2.0 Fighting
 * Level 3.8 Polearms
 - Level 0.7 Armour
 - Level 0.7 Dodging
 + Level 3.7 Spellcasting
 + Level 3.2 Charms


You had 4 spell levels left.
You knew the following spells:

 Your Spells              Type           Power        Failure   Level  Hunger
a - Infusion              Chrm           ##..         10%         1    N/A
b - Song of Slaying       Chrm           ##......     12%         2    N/A
c - Spectral Weapon       Hex/Chrm       #.......     38%         3    N/A
e - Shroud of Golubria    Chrm/Tloc      #.........   21%         2    N/A

Dungeon Overview and Level Annotations

Branches:
Dungeon (5/15)
 Temple: D:4-7

Altars:
Dithmenos
Gozag
Nemelex Xobeh
Xom
Zin

Shops:
D:2 *


Innate Abilities, Weirdness & Mutations

You do not eat or drink.
Your flesh is vulnerable to fire.
You are immune to poison.
Your flesh is cold resistant.
You are immune to negative energy.
You are immune to unholy pain and torment.
You can survive without breathing.


Message History

The magic dart hits you! The orc wizard hits you with a dagger.
You see here a leather armour.
The dart slug bites you. The dart slug launches a dart at you.
The slug dart hits you! The orc wizard closely misses you.
The orc wizard misses you.
A giant gecko comes into view.
The orc wizard casts a spell at you. The puff of flame hits you!
The fire burns you terribly!
* * * LOW HITPOINT WARNING * * *
Read which item? (? for menu, Esc to quit)
Blink to where?
Press: ? - help, Dir - move target cursor You are very lightly contaminated with residual magic.
As you read the scroll of blinking, it crumbles to dust.
The orc wizard casts a spell at you. The magic dart hits you!
You die...
Your body crumbles into a pile of gold.

## ................. ..
.##......###.### ###.####
###..### #.# #.......
###.)## #.# #.......
#.....####.# #.......
##.###...##.# #.......
...#####..#.# #[..^^..
.........##...#####.>.._..
.### #.@....§o.##...^^^.
######..#.w...[....
#.l.........##
#.##...####.## #.##.###
#... $..##.# #### #......
##..... ....# #


You could see an orc wizard.

Vanquished Creatures
  A centaur zombie (D:3)
  An orc wizard (D:4)
  A gnoll shaman (D:2)
  4 gnolls (D:3)
  6 adders
  3 oozes
  7 worms
  2 dart slugs
  A giant gecko (D:1)
  6 orcs
  2 ball pythons (D:2)
  5 bats
  3 giant cockroaches
  8 goblins
  6 hobgoblins
  6 kobolds
  A giant gecko skeleton (D:4)
  4 giant newts
  A jackal skeleton (D:4)
  7 rats
75 creatures vanquished.

Notes
Turn   | Place    | Note
--------------------------------------------------------------
     0 | D:1      | Alarkh the Mummy Skald began the quest for the Orb.
     0 | D:1      | Reached XP level 1. HP: 16/16 MP: 3/3
   116 | D:1      | Reached XP level 2. HP: 17/22 MP: 0/5
   292 | D:1      | You fall through a shaft!
   442 | D:2      | Learned a level 2 spell: Song of Slaying
   445 | D:2      | Learned a level 2 spell: Shroud of Golubria
   520 | D:2      | Reached XP level 3. HP: 27/27 MP: 0/6
   542 | D:2      | Found a sparkling altar of Nemelex Xobeh.
   542 | D:2      | Found an opulent altar of Gozag.
   548 | D:2      | Became a worshipper of Gozag Ym Sagoz the Greedy
   753 | D:2      | Found Zin's Purification Station.
   754 | D:2      | Found a glowing silver altar of Zin.
   879 | D:2      | Reached XP level 4. HP: 12/33 MP: 0/8
  1440 | D:3      | Learned a level 3 spell: Spectral Weapon
  1672 | D:3      | Reached XP level 5. HP: 16/38 MP: 1/9
  2871 | D:4      | Found a shimmering altar of Xom.
  2893 | D:4      | Reached XP level 6. HP: 23/44 MP: 5/11
  2901 | D:5      | Entered Level 5 of the Dungeon
  2901 | D:5      | Found a shadowy altar of Dithmenos.
  3087 | D:4      | Killed from afar by an orc wizard

Skill      XL: |  1  2  3  4  5 |
---------------+----------------+-----
Polearms       | 2 3 |  3.8
Spellcasting   | 3 |  3.7
Charms         | 3 |  3.2
Fighting       | |  2.0
Armour         | |  0.7
Dodging        | |  0.7

Action                   |  1- 3 |  4- 6 || total
-------------------------+-------+-------++-------
Melee: Spear             |    92 |   181 ||   273
 Cast: Infusion          |    16 |    24 ||    40
       Shroud of Golubri |     2 |     3 ||     5
       Spectral Weapon   |       |     2 ||     2
  Use: Scroll            |       |     3 ||     3
 Stab: Distracted        |       |     1 ||     1
Armor: Leather armour    |    11 |    27 ||    38
Dodge: Dodged            |    33 |    67 ||   100
